 Dungeon Sprint DCSS version 0.23.0 (webtiles) character file.

Game seed: 1232213619560465520

1575 Groucho the Martial Artist (level 8, -12/69 HPs)
             Began as an Octopode Transmuter on Feb 11, 2019.
             Was an Elder of Uskayaw.
             Mangled by a komodo dragon (34 damage)
             ... in the Dungeon (Sprint IX: "|||||||||||||||||||||||||||||").
             The game lasted 00:04:17 (1114 turns).

Groucho the Martial Artist (Octopode Transmuter)    Turns: 1114, Time: 00:04:17

Health: -12/69     AC:  6    Str: 14    XL:     8   Next: 91%
Magic:  15/17      EV: 13    Int: 19    God:    Uskayaw [****..]
Gold:   5          SH:  0    Dex: 12    Spells: 6/19 levels left

rFire    x . .     SeeInvis .     - Unarmed
rCold    + + +     Gourm    .   (shield currently unavailable)
rNeg     . . .     Faith    .   (helmet currently unavailable)
rPois    +         Spirit   .   (no amulet)
rElec    .         Reflect  .   m - +3 ring of intelligence
rCorr    .         Harm     .   n - +3 ring of strength
MR       .....     NoTele   +   (no ring)
Stlth    +.........             (no ring)
HPRegen  0.21/turn              (no ring)
MPRegen  0.15/turn              (no ring)
                                (no ring)
                                (no ring)

@: ice-form
A: large, almost no armour, stealthy swim, amphibious, 8 rings, (constrict 8)
a: End Transformation, Stomp, Line Pass, Renounce Religion


You were in the Dungeon.
You worshipped Uskayaw.
Uskayaw was aware of your devotion.
You were not hungry.
You were a creature of crystalline ice.
You visited 1 branch You collected 5 gold pieces.

Inventory:

Missiles
 a - 38 arrows
Jewellery
 m - a +3 ring of intelligence (left front paw)
 n - a +3 ring of strength (right front paw)
Wands
 l - a wand of acid (10)
Scrolls
 i - 5 scrolls of blinking
 j - 4 scrolls of remove curse
 k - 2 scrolls of amnesia
 o - 2 scrolls of enchant weapon
Potions
 b - 2 potions of resistance
 c - a potion of brilliance
 d - 5 potions of curing
 e - 3 potions of heal wounds
 f - a potion of cancellation
 g - 4 potions of magic
 h - a potion of berserk rage


   Skills:
 + Level 6.5 Fighting
 + Level 6.8 Dodging
 * Level 9.3 Unarmed Combat
 + Level 6.2 Spellcasting
 * Level 9.0 Transmutations
 + Level 6.8 Poison Magic
 * Level 8.8 Invocations


You had 6 spell levels left.
You knew the following spells:

 Your Spells              Type           Power        Failure   Level  Hunger
a - Beastly Appendage     Tmut           #####.       1%          1    None
b - Spider Form           Tmut/Pois      #####.....   1%          3    ##.....
c - Blade Hands           Tmut           #####.....   8%          5    #####..
d - Ice Form              Ice/Tmut       ###.....     17%         4    ####...

Your spell library contained the following spells:

 Spells                   Type           Power        Failure   Level  Hunger
 Sticks to Snakes         Tmut           #####...     1%          2    None


Dungeon Overview and Level Annotations

Branches:
Dungeon (1/1)

Altars:
Cheibriados
Dithmenos
Elyvilon
Fedhas
Gozag
Hepliaklqana
Kikubaaqudgha
Makhleb
Nemelex Xobeh
Okawaru
Qazlal
Ru
Sif Muna
Trog
Uskayaw
Vehumet
Wu Jian
Xom
Yredelemnul
Zin
The Shining One
Beogh
Jiyva
Lugonu


Innate Abilities, Weirdness & Mutations

You cannot wear most types of armour.
You are very stealthy in the water. (Stealth+)
You are amphibious.
You can wear up to eight rings at the same time.
((You can use your tentacles to constrict eight enemies at once.))
((Your skin changes colour to match your surroundings (Stealth+).))
((Your rubbery body absorbs attacks. (AC +1, EV +1)))


Message History

The hippogriff is no longer paralysed.
The yak is no longer paralysed.
The bullfrog is no longer paralysed.
You barely miss the bullfrog. The bullfrog barely misses you.
You punch the bullfrog! You freeze the bullfrog.
The bullfrog is almost dead.
The bullfrog completely misses you.
Uskayaw will force your foes to share their pain.
Uskayaw links your audience in an emotional bond!
You barely miss the bullfrog.
The bullfrog is almost dead.
The bullfrog closely misses you.
You pummel the bullfrog!!
The bullfrog seems to slow down.
You freeze the bullfrog.
You kill the bullfrog!
Your Transmutations skill increases to level 9!
You punch the komodo dragon!
The komodo dragon seems to slow down.
You freeze the komodo dragon.
The komodo dragon is heavily wounded.
The komodo dragon bites you!!
You die...

▓.▓.▓.▓
▓.▓.▓.▓
▓.▓.▓.▓
▓.▓.▓.▓
▓'▓.▓.▓
▓_▓.▓.▓
▓_▓.▓.▓
▓_▓.▓.▓
▓_▓.▓Y▓
▓_▓.▓l▓
▓_▓.▓H▓
▓_▓.▓.▓
▓_▓.▓Y▓
▓_▓.▓l▓
▓_▓.▓.▓
▓_▓.▓.▓
▓_▓.▓.▓


You could see 2 komodo dragons, a hippogriff and a yak.

Vanquished Creatures
  A centaur warrior (D)
  A wraith (D)
  A hungry ghost (D)
  A yak (D)
  A porcupine (D)
  An orc warrior (D)
  A bullfrog (D)
  A scorpion (D)
  A howler monkey (D)
  2 crimson imps (D)
  2 hounds (D)
  A worker ant (D)
  A shadow imp (D)
  2 orcs (D)
  A bat (D)
  2 bat zombies (D)
  A giant cockroach (D)
  A goblin (D)
  2 hobgoblins (D)
  A jackal (D)
25 creatures vanquished.

Notes
Turn   | Place    | Note
-------+----------+-------------------------------------------
     0 | D        | Groucho the Octopode Transmuter began the quest for the
                  | Orb.
     0 | D        | Reached XP level 1. HP: 13/13 MP: 3/3
    16 | D        | Reached XP level 2. HP: 18/19 MP: 5/5
    37 | D        | Reached XP level 3. HP: 6/25 MP: 5/7
   453 | D        | Learned a level 3 spell: Spider Form
   459 | D        | Found a roughly hewn altar of Beogh.
   459 | D        | Found a snail-covered altar of Cheibriados.
   459 | D        | Found a shadowy altar of Dithmenos.
   459 | D        | Found a white marble altar of Elyvilon.
   459 | D        | Found a blossoming altar of Fedhas.
   459 | D        | Found an opulent altar of Gozag.
   460 | D        | Found a hazy altar of Hepliaklqana.
   461 | D        | Found a viscous altar of Jiyva.
   462 | D        | Found an ancient bone altar of Kikubaaqudgha.
   463 | D        | Found a corrupted altar of Lugonu.
   464 | D        | Found a burning altar of Makhleb.
   465 | D        | Found a sparkling altar of Nemelex Xobeh.
   466 | D        | Found an iron altar of Okawaru.
   467 | D        | Found a stormy altar of Qazlal.
   468 | D        | Found a sacrificial altar of Ru.
   473 | D        | Found a deep blue altar of Sif Muna.
   474 | D        | Found a bloodstained altar of Trog.
   475 | D        | Found a hide-covered altar of Uskayaw.
   476 | D        | Found a radiant altar of Vehumet.
   477 | D        | Found an ornate altar of the Wu Jian Council.
   478 | D        | Found a shimmering altar of Xom.
   479 | D        | Found a basalt altar of Yredelemnul.
   480 | D        | Found a glowing silver altar of Zin.
   481 | D        | Found a glowing golden altar of the Shining One.
   483 | D        | Became a worshipper of Uskayaw the Reveler
   509 | D        | Noticed a scorpion
   509 | D        | Noticed an orc warrior
   512 | D        | Reached skill level 1 in Poison Magic
   512 | D        | Reached skill level 1 in Invocations
   512 | D        | Reached XP level 4. HP: 21/31 MP: 4/9
   514 | D        | Reached * piety under Uskayaw
   518 | D        | Reached skill level 5 in Unarmed Combat
   518 | D        | Reached XP level 5. HP: 30/36 MP: 5/10
   522 | D        | Reached ** piety under Uskayaw
   530 | D        | Reached *** piety under Uskayaw
   538 | D        | Killed an orc warrior
   538 | D        | Reached skill level 5 in Transmutations
   542 | D        | Reached XP level 6. HP: 38/44 MP: 6/12
   590 | D        | Noticed a hungry ghost
   590 | D        | Noticed a centaur warrior
   590 | D        | Noticed a wraith
   595 | D        | Reached skill level 5 in Invocations
   601 | D        | Killed a hungry ghost
   601 | D        | Reached skill level 5 in Fighting
   601 | D        | Reached skill level 5 in Dodging
   605 | D        | Reached **** piety under Uskayaw
   607 | D        | Reached skill level 5 in Spellcasting
   607 | D        | Reached XP level 7. HP: 34/50 MP: 11/14
   609 | D        | Killed a centaur warrior
   609 | D        | Reached XP level 8. HP: 39/57 MP: 11/16
   614 | D        | Reached ***** piety under Uskayaw
   622 | D        | Killed a wraith
   983 | D        | Learned a level 5 spell: Blade Hands
   988 | D        | Learned a level 4 spell: Ice Form
  1095 | D        | Noticed a yak
  1095 | D        | Noticed a komodo dragon
  1095 | D        | Noticed a hippogriff
  1095 | D        | Noticed a yak
  1096 | D        | Noticed a komodo dragon
  1108 | D        | Killed a yak
  1114 | D        | Mangled by a komodo dragon

Skill      XL: |  1  2  3  4  5  6  7  8 |
---------------+-------------------------+-----
Fighting       | 2 3 4 5 6 |  6.5
Dodging        | 3 4 5 6 |  6.8
Unarmed Combat | 4 5 6 7 8 9 |  9.3
Spellcasting   | 3 4 5 6 |  6.2
Transmutations | 3 4 5 6 8 9 |  9.0
Poison Magic   | 1 2 3 4 6 |  6.8
Invocations    | 1 2 4 6 8 |  8.8

Action                   |  1- 3 |  4- 6 |  7- 9 || total
-------------------------+-------+-------+-------++-------
Melee: Unarmed           |    29 |    45 |    29 ||   103
       Constrict         |     9 |     2 |       ||    11
       Tentacles         |     5 |     3 |       ||     8
       Punch             |     2 |     1 |       ||     3
       Kick              |     5 |     3 |       ||     8
 Cast: Beastly Appendage |     1 |     1 |     1 ||     3
       Spider Form       |     1 |     1 |       ||     2
       Ice Form          |       |       |     1 ||     1
  Use: Potion            |       |     5 |     1 ||     6
 Stab: Paralysed         |       |     2 |     5 ||     7
  Eat: Ration            |       |       |     1 ||     1
       Chunk             |       |       |     1 ||     1
Armor: Skin              |     3 |     2 |       ||     5
Dodge: Dodged            |    17 |    25 |    15 ||    57
